 Dungeon Crawl Stone Soup version 0.21-a0-630-g344d3514eb (webtiles) character file.

1630 4tharraofdagon the Destroyer (level 8, 0/41 HPs)
             Began as a Tengu Fire Elementalist on Dec 26, 2017.
             Was a Priest of Cheibriados.
             Slain by an orc
             ... wielding a +0 whip
              (3 damage)
             ... on level 3 of the Dungeon.
             The game lasted 00:14:34 (2272 turns).

4tharraofdagon the Destroyer (TeFE)                 Turns: 2272, Time: 00:14:35

Health: 0/41       AC:  4    Str: 15    XL:     8   Next: 97%
Magic:  7/16       EV: 13    Int: 29    God:    Cheibriados [***...]
Gold:   173        SH:  0    Dex: 23    Spells: 3/16 levels left

rFire    . . .     SeeInvis .   i - +0 halberd (venom)
rCold    . . .     Gourm    .   (shield currently unavailable)
rNeg     . . .     Faith    .   a - +1 robe
rPois    .         Spirit   .   k - +1 hat
rElec    .         Reflect  .   (no cloak)
rCorr    .         Harm     .   (no gloves)
MR       .....                  (boots unavailable)
Stlth    ++........             (no amulet)
HPRegen  0.13/turn              (no ring)
MPRegen  0.15/turn              (no ring)

@: brilliant, very slow
A: beak, talons 3, able to fly 1
a: Fly, Bend Time, Temporal Distortion, Renounce Religion


You were on level 3 of the Dungeon.
You worshipped Cheibriados.
Cheibriados was most pleased with you.
You were hungry.

You visited 1 branch of the dungeon, and saw 7 of its levels.

You collected 299 gold pieces.
You spent 126 gold pieces at shops.

Inventory:

Hand Weapons
 g - a +0 short sword
 i - a +0 halberd of venom (weapon)
 m - a +0 battleaxe of chopping
Armour
 a - a +1 robe (worn)
 k - a +1 hat (worn)
Wands
 l - a wand of digging (14)
Scrolls
 d - a scroll of identify
 h - a scroll of amnesia
Potions
 e - a potion of might
 f - 2 potions of magic
 j - a potion of brilliance
 n - a potion of mutation {unknown}
Books
 b - a book of Flames

   Spells                             Type                      Level
   a - Flame Tongue                   Conjuration/Fire             1
   b - Throw Flame                    Conjuration/Fire             2
   c - Conjure Flame                  Conjuration/Fire             3
   d - Inner Flame                    Hexes/Fire                   3
   e - Sticky Flame                   Conjuration/Fire             4
   f - Fireball                       Conjuration/Fire             5
Comestibles
 c - 10 rations


   Skills:
 - Level 2.1 Dodging
 - Level 2.0 Stealth
 + Level 4.8 Spellcasting
 * Level 9.2 Conjurations
 * Level 8.3 Fire Magic


You had 3 spell levels left.
You knew the following spells:

 Your Spells              Type           Power        Failure   Level  Hunger
a - Flame Tongue          Conj/Fire      #####        1%          1    None
b - Conjure Flame         Conj/Fire      ######..     1%          3    #......
c - Sticky Flame          Conj/Fire      ######..     1%          4    ###....
d - Fireball              Conj/Fire      ######....   1%          5    #####..


Dungeon Overview and Level Annotations

Branches:
Dungeon (7/15)             Temple (0/1) D:4

Altars:
Cheibriados
Kikubaaqudgha
Uskayaw
Yredelemnul
The Shining One

Shops:
D:7 !*


Innate Abilities, Weirdness & Mutations

You have a beak for a mouth.
You have claws for feet.
You can fly.


Message History

* * * LOW HITPOINT WARNING * * *
An orc comes into view.
Unknown command.
Unknown command.
Press: ? - help, v - describe, . - travel
Here: an orc, wielding an enchanted hand axe and wearing a chain mail The floor.
Unknown command.
Okay, then.
It was a potion of brilliance.
You feel clever all of a sudden.
A stone appears from out of thin air!
The stone hits you but does no damage. The orc barely misses you. x2
Unknown command.
Unknown command.
Unknown command.
The giant cockroach bites you.
* * * LOW HITPOINT WARNING * * *
The orc hits you with a whip.
You die...

.#.....................#.......
+.........#+#.........+.......
.........# #.......#.#.......
###+##..# #.......#+#.......
.#####. #..# #.................
.......##..# #...........).....
....(...<..# #.................
........#'##+#.................
............(ooo@#...............
..............(s.#...#...........
...o.....).......#...##..........
.s..........#'####...###.###.....
...........##.# #......>###.....
..............# #....##.........
...?##.....##.# ####............
###+##.....#############........#
.............#.......# #.........


You could see an orc warrior, 2 orcs and a giant cockroach.

Vanquished Creatures
  A hornet (D:7)
  A hippogriff (D:7)
  An ice beast (D:5)
  2 ogres
  2 phantoms
  A scorpion (D:6)
  A howler monkey (D:6)
  A centaur zombie (D:7)
  A bullfrog zombie (D:7)
  A jelly (D:6)
  6 orc wizards
  2 orc priests
  3 hounds (D:4)
  2 iguanas
  4 worker ants
  3 adders
  4 gnolls
  A howler monkey skeleton (D:7)
  A river rat (D:6)
  A shadow imp (D:6)
  4 worms
  2 adder zombies
  A dart slug (D:1)
  2 leopard geckos (D:7)
  11 orcs
  A giant cockroach (D:3)
  12 goblins
  3 hobgoblins (D:3)
  11 jackals
  A kobold (D:3)
  4 quokkas
  3 ball pythons (D:6)
  4 bats
  3 frilled lizards
  A leopard gecko skeleton (D:5)
  2 quokka skeletons
  3 rats
107 creatures vanquished.

Notes
Turn   | Place    | Note
-------+----------+-------------------------------------------
     0 | D:1      | 4tharraofdagon the Tengu Fire Elementalist began the quest for the Orb.
     0 | D:1      | Reached XP level 1. HP: 10/10 MP: 4/4
   162 | D:1      | Reached skill level 2 in Conjurations
   162 | D:1      | Reached XP level 2. HP: 11/15 MP: 3/6
   245 | D:3      | Noticed an orc warrior
   347 | D:3      | Reached XP level 3. HP: 12/19 MP: 7/7
   365 | D:3      | Learned a level 3 spell: Conjure Flame
   428 | D:3      | Reached skill level 3 in Conjurations
   622 | D:4      | Reached XP level 4. HP: 2/24 MP: 3/8
   628 | D:4      | Learned a level 4 spell: Sticky Flame
   639 | D:4      | Found a snail-covered altar of Cheibriados.
   665 | D:4      | Found a hide-covered altar of Uskayaw.
   727 | D:4      | Became a worshipper of Cheibriados the Contemplative
   782 | D:4      | Reached skill level 4 in Conjurations
   782 | D:4      | Gained mutation: You can fly. [Tengu growth]
   782 | D:4      | Reached XP level 5. HP: 19/28 MP: 3/10
   820 | D:5      | Entered Level 5 of the Dungeon
   871 | D:5      | Noticed an ice beast
   892 | D:5      | Killed an ice beast
   892 | D:5      | Reached skill level 5 in Fire Magic
   892 | D:5      | Reached XP level 6. HP: 16/32 MP: 3/11
   940 | D:6      | Reached skill level 5 in Conjurations
   956 | D:6      | Reached * piety under Cheibriados
  1149 | D:6      | Reached skill level 6 in Conjurations
  1149 | D:6      | Reached XP level 7. HP: 25/36 MP: 2/13
  1193 | D:6      | Learned a level 5 spell: Fireball
  1521 | D:7      | Reached skill level 7 in Conjurations
  1528 | D:7      | Noticed a hippogriff
  1529 | D:7      | Found Furoal's Fabulous Fripperies.
  1619 | D:6      | Reached ** piety under Cheibriados
  1667 | D:7      | Reached XP level 8. HP: 32/41 MP: 10/15
  1704 | D:7      | Found a glowing golden altar of the Shining One.
  1794 | D:7      | Found Liereof's Distillery.
  1805 | D:7      | Bought a potion of magic for 112 gold pieces
  1805 | D:7      | Bought a potion of degeneration for 14 gold pieces
  1852 | D:7      | Found an ancient bone altar of Kikubaaqudgha.
  1872 | D:7      | Killed a hippogriff
  1872 | D:7      | Reached skill level 8 in Conjurations
  1987 | D:7      | Noticed a hornet
  1992 | D:7      | Killed a hornet
  2031 | D:7      | Reached skill level 9 in Conjurations
  2167 | D:4      | Found a basalt altar of Yredelemnul.
  2212 | D:4      | Reached *** piety under Cheibriados
  2220 | D:4      | Found a staircase to the Ecumenical Temple.
  2272 | D:3      | Slain by an orc

Vault maps used:
D:1:      dpeg_arrival_concentric_ovals
D:2:      chequers_ecumenical_altar_island, grunt_ministairs_5,
          roderic_serpentine_path
D:3:      kennysheep_the_goblin_king
D:4:      old_standard_altar, kennysheep_mini,
          grunt_temple_overflow_champion_of_chaos, minitemple,
          old_standard_altar, temple_fountains, first_ration, grunt_ministairs_6
D:5:      led_sif_book, lemuel_round_altar, basic_altar, grunt_decor_cap
D:6:      portal_sewer_entry_b
D:7:      nicolae_overflow_crystal_walls, serial_shops, shop,
          nicolae_alphabet_shops, minmay_ruined_shrine

Skill      XL: |  1  2  3  4  5  6  7  8 |
---------------+-------------------------+-----
Conjurations   | 2 3 4 6 7 9 |  9.2
Fire Magic     | 4 5 6 8 |  8.3
Spellcasting   | 3 4 |  4.8
Dodging        | |  2.1
Stealth        | |  2.0

Action                   |  1- 3 |  4- 6 |  7- 9 || total
-------------------------+-------+-------+-------++-------
Melee: Kick              |     2 |     2 |     9 ||    13
       Unarmed           |     1 |       |       ||     1
       Short sword       |    11 |    20 |    26 ||    57
       Peck              |     1 |       |     7 ||     8
       Battleaxe         |       |       |     4 ||     4
       Halberd           |       |       |     1 ||     1
 Cast: Flame Tongue      |    39 |    27 |    76 ||   142
       Conjure Flame     |       |     2 |     4 ||     6
       Sticky Flame      |       |     5 |    18 ||    23
 Abil: Fly               |       |     2 |       ||     2
Evoke: Wand              |     4 |     1 |       ||     5
  Use: Scroll            |       |     5 |     1 ||     6
       Potion            |       |     2 |     4 ||     6
 Stab: Sleeping          |     1 |       |       ||     1
  Eat: Chunk             |       |     2 |     5 ||     7
Armor: Robe              |    13 |     6 |     6 ||    25
       Skin              |       |    69 |       ||    69
Dodge: Dodged            |    30 |    27 |    61 ||   118

Table legend:
 A = Spawn XP
 B = Non-spawn XP
 C = Spawn XP percentage of total XP
 D = Spawn monster count
 E = Non-spawn monster count
 F = Spawn count percentage of total count
 G = Total turns spent on level
                    A         B        C        D         E        F      G
               +---------+---------+-------+---------+---------+-------+---------
         Total |       0 |    2329 |   0.0 |       0 |     107 |   0.0 |  2272
               +---------+---------+-------+---------+---------+-------+---------
           D:1 |       0 |      11 |   0.0 |       0 |       6 |   0.0 |   235
           D:3 |       0 |     101 |   0.0 |       0 |      25 |   0.0 |   329
           D:4 |       0 |     223 |   0.0 |       0 |      13 |   0.0 |   356
           D:5 |       0 |     139 |   0.0 |       0 |       8 |   0.0 |   131
           D:6 |       0 |     703 |   0.0 |       0 |      30 |   0.0 |   713
           D:7 |       0 |    1152 |   0.0 |       0 |      25 |   0.0 |   503
               +---------+---------+-------+---------+---------+-------+---------

Vault maps used:
D:1:      dpeg_arrival_concentric_ovals
D:2:      chequers_ecumenical_altar_island, grunt_ministairs_5,
          roderic_serpentine_path
D:3:      kennysheep_the_goblin_king
D:4:      old_standard_altar, kennysheep_mini,
          grunt_temple_overflow_champion_of_chaos, minitemple,
          old_standard_altar, temple_fountains, first_ration, grunt_ministairs_6
D:5:      led_sif_book, lemuel_round_altar, basic_altar, grunt_decor_cap
D:6:      portal_sewer_entry_b
D:7:      nicolae_overflow_crystal_walls, serial_shops, shop,
          nicolae_alphabet_shops, minmay_ruined_shrine
